 Dungeon Crawl Stone Soup version 0.31-a0-358-gac0dbeb3ab (webtiles) character file.

Game seed: 457526125500589702

6 xccam the Poker (level 1, -1/25 HPs)
             Began as a Gnoll Wanderer on July 25, 2023.
             Slain by a gnoll
             ... wielding a +0 club
              (7 damage)
             ... on level 1 of the Dungeon.
             The game lasted 00:01:40 (242 turns).

xccam the Poker (Gnoll Wanderer)                     Turns: 242, Time: 00:01:41

Health: -1/25      AC:  4    Str:  9    XL:     1   Next: 90%
Magic:  1/1        EV: 10    Int:  8    God:
Gold:   46         SH:  0    Dex: 16    Spells: 0/0 levels left

rFire   . . .        a - +0 trident
rCold   . . .        (no shield)
rNeg    . . .        e - +0 leather armour
rPois   .            c - +0 helmet
rElec   .            (no cloak)
rCorr   .            (no gloves)
SInv    .            (no boots)
Will    .....        (no amulet) Stlth
                     (no ring)
HPRegen 0.24/turn    (no ring)
MPRegen 0.07/turn

%: no passive effects
@: berserking, very quick
A: fangs 1, strong nose, distributed training
a: no special abilities


You were on level 1 of the Dungeon.
You visited 1 branch of the dungeon, and saw 1 of its levels.

You collected 46 gold pieces.

Inventory:

Hand Weapons
 a - a +0 trident (weapon)
 b - a +0 short sword
Missiles
 h - 3 datura-tipped darts (quivered)
Armour
 c - a +0 helmet (worn)
 e - a +0 leather armour (worn)
 g - a +0 ring mail
Scrolls
 f - a scroll of enchant weapon {unknown}
 i - 3 scrolls of torment {unknown}
 j - a scroll of identify {unknown}


   Skills:
 + Level 2.4 Fighting
 + Level 2.4 Short Blades
 + Level 0.2 Long Blades
 + Level 0.2 Axes
 + Level 0.2 Maces & Flails
 + Level 6.4 Polearms
 + Level 0.2 Staves
 + Level 0.2 Ranged Weapons
 + Level 0.2 Throwing
 + Level 2.4 Armour
 + Level 0.2 Dodging
 + Level 5.9 Stealth
 + Level 0.2 Shields
 + Level 0.2 Unarmed Combat
 + Level 0.2 Spellcasting
 + Level 0.1 Conjurations
 + Level 0.1 Hexes
 + Level 0.1 Summonings
 + Level 0.1 Necromancy
 + Level 0.1 Translocations
 + Level 0.1 Transmutations
 + Level 0.1 Fire Magic
 + Level 0.1 Ice Magic
 + Level 0.1 Air Magic
 + Level 0.1 Earth Magic
 + Level 0.1 Poison Magic
 + Level 0.3 Invocations
 + Level 2.4 Evocations
 + Level 0.1 Shapeshifting


You couldn't memorise any spells.
You didn't know any spells.
Your spell library was empty.

Dungeon Overview and Level Annotations

Branches:
Dungeon (1/15)

Altars:


Innate Abilities, Weirdness & Mutations

You have very sharp teeth.
Your uncanny sense of smell can sniff out nearby items.
Your experience applies equally to all skills.


Message History

You see here a dart slug corpse.
Found a stone staircase leading down.
i - 3 scrolls labelled HUASUE HURHIQ
j - a scroll labelled INTOTRAR ACRIN
There is a stone staircase leading down here.
You now have 46 gold pieces (gained 6).
There is a stone staircase leading down here.
Found a stone staircase leading down.
A gnoll comes into view. It is wielding a +0 club.
Found a short sword.
Unknown command.
What are your orders? t - Bark!
Orders for allies: a - Attack new target. r - Retreat! s - Stop attacking. g - Guard the area. f - Follow me.
Anything else - Cancel.
Okay, then.
Okay, then.
Throw: 4 darts (datura)
Press: ? - help, Q - select action Shift-Dir - straight line, f - gnoll
Aim: a gnoll, wielding a +0 club (asleep, 98% to hit, chance to frenzy on hit: 100%)
You throw a datura-tipped dart. The datura-tipped dart hits the gnoll.
The gnoll flies into a frenzy!
The gnoll shouts!
The gnoll shouts! x2; You hear a bark!
You reach to attack!
You closely miss the gnoll.
You hear a bark!
You closely miss the gnoll. You bite the gnoll, but do no damage.
The gnoll completely misses you. The gnoll hits you with a +0 club!
Ouch! That really hurt!
* * * LOW HITPOINT WARNING * * *
You are too injured to fight recklessly!
You are too injured to fight recklessly!
You are too injured to fight recklessly!
You are too injured to fight recklessly!
A red film seems to cover your vision as you go berserk!
You feel yourself moving faster!
You feel mighty! The gnoll hits you with a +0 club!
You die...

........ ...#
......## #.# #.(#
.###..# #.# #..# #
.# #..# #># #..#.#
## #..# #.#
#..#.##### # #..#
#.# #.....)... #
#..# #.# #.# ∆ #
#..# #.# #g#
####..####.#####@#
.................#
####.####.#.#######.
# #.....###........
# #.####.#.########
# #.......##
#########


You could see a neutral gnoll (fast, strong, insane).

Vanquished Creatures
  A dart slug (D:1)
  A bat (D:1)
  A hobgoblin (D:1)
  A rat (D:1)
4 creatures vanquished.

Notes
Turn   | Place    | Note
-------+----------+-------------------------------------------
     0 | D:1      | xccam the Gnoll Wanderer began the quest for the Orb.
     0 | D:1      | xccam set off with the following items: a +0 trident, a +0
                  | short sword, a +0 helmet, a potion of berserk rage, a +0
                  | leather armour.
     0 | D:1      | Reached XP level 1. HP: 17/17 MP: 1/1
   242 | D:1      | Slain by a gnoll

Illustrated notes

Levels and vault maps discovered:
D:1:      dpeg_arrival_tiny_b, layout_loops_ring, serial_shops, shop,
          minmay_hexomino_u4

Action                     || total
---------------------------++-------
  Melee: Trident           ||     8
         Bite              ||     1
  Throw: Dart              ||     1
    Use: Potion            ||     1
   Stab: Sleeping          ||     4
  Dodge: Dodged            ||     2

Table legend: (Time is in decaauts)
 A = Elapsed time spent in this place.
 B = Non-inter-level travel time spent in this place.
 C = Inter-level travel time spent in this place.
 D = Time resting spent in this place.
 E = Time spent auto-exploring this place.
 F = Levels seen in this place.
 G = Mean time per level.
                   A        B        C        D        E       F      G
               +--------+--------+--------+--------+--------+-----+--------+
         Total |    241 |    241 |      0 |      0 |    194 |   1 |  241.0 |
       Dungeon |    241 |    241 |      0 |      0 |    194 |   1 |  241.0 |
               +--------+--------+--------+--------+--------+-----+--------+

Top non-repeatable levels by time:
     D:1: 241 daAuts
